 Dungeon Crawl Stone Soup version 0.19.5 (webtiles) character file.

31 PawaMonga the Skirmisher (level 3, 0/29 HPs)
             Began as a Demonspawn Abyssal Knight on May 8, 2017.
             Was a Follower of Lugonu.
             Slain by Terence
             ... wielding a +0 flail
              (3 damage)
             ... on level 2 of the Dungeon.
             The game lasted 00:07:39 (1615 turns).

PawaMonga the Skirmisher (DsAK)                     Turns: 1615, Time: 00:07:40

Health: 0/29       AC:  3    Str: 13    XL:     3   Next: 7%
Magic:  4/4        EV:  6    Int: 13    God:    Lugonu [*.....]
Gold:   11         SH: 10    Dex: 12    Spells: 0 memorised, 2 levels left

rFire  . . .     SeeInvis .     a - +2 hand axe
rCold  . . .     Gourm    .     b - +0 leather armour
rNeg   . . .     Faith    .     j - +0 large shield
rPois  .         Spirit   .     (no helmet)
rElec  .         Reflect  .     (no cloak)
rCorr  .         Harm     .     (no gloves)
MR     .....                    (no boots)
Stlth  +.........               (no amulet)
                                (no ring)
                                (no ring)

@: no status effects
A: powered by pain 1
a: Depart the Abyss, Renounce Religion


You were on level 2 of the Dungeon.
You worshipped Lugonu.
Lugonu was aware of your devotion.
You were not hungry.

You visited 1 branch of the dungeon, and saw 2 of its levels.
You visited the Abyss 1 time.

You collected 11 gold pieces.

Inventory:

Hand Weapons
 a - a +2 hand axe (weapon)
Missiles
 e - 49 arrows
Armour
 b - a +0 leather armour (worn)
 j - a +0 large shield (worn)
Jewellery
 f - a cursed -3 ring of intelligence {unknown}
Scrolls
 h - a scroll of enchant armour {unknown}
Potions
 i - 2 potions of flight {unknown}
Comestibles
 c - a bread ration
 k - 4 fruits


   Skills:
 + Level 3.3 Fighting
 + Level 2.5 Axes
 + Level 2.0 Armour
 + Level 1.1 Dodging
 + Level 2.6 Invocations


You had 2 spell levels left.
You didn't know any spells.

Dungeon Overview and Level Annotations

Branches:
Dungeon (2/15)

Altars:

Annotations:
D:2 Terence


Innate Abilities, Weirdness & Mutations

You sometimes gain a little power by taking damage.


Message History

You hit the bat. The bat hits you but does no damage.
The bat barely misses you. Something hits you!
You hit the bat.
You kill the bat!
Lugonu accepts your kill.
You miss something. Something hits you.
You miss something. Something hits you!
* * * LOW HITPOINT WARNING * * *
You hit something. Something hits you.
* * * LOW HITPOINT WARNING * * *
There is a strange disturbance nearby!
As you read the scroll labeled HOAD QOSISCHUS, it crumbles to dust.
It is a scroll of recharging.
You aren't carrying any rechargeable items.
Something hits you but does no damage.
As you read the scroll labeled CEWAVYMITU, it crumbles to dust.
It is a scroll of enchant weapon.
Your +1 hand axe glows red for a moment.
Something hits you.
You die...

........##$.....
.......... .....
#..............
#.......#...<..
#.......#......
#..............
##..............
.......{@......#
##............##
######.......#
...(......
........##.
...........
...#.......#.
#####%......#


There were no monsters in sight!

Vanquished Creatures
  A dart slug (D:1)
  A ball python (D:1)
  6 giant cockroaches
  A goblin (D:1)
  7 hobgoblins (D:1)
  3 bats
  2 frilled lizards (D:1)
  A kobold (D:1)
  3 rats (D:1)
25 creatures vanquished.

Notes
Turn   | Place    | Note
-------+----------+-------------------------------------------
     0 | Abyss:1  | PawaMonga the Demonspawn Abyssal Knight began the quest for the Orb.
     0 | Abyss:1  | Reached XP level 1. HP: 18/18 MP: 2/2
    31 | Abyss:1  | Noticed a storm dragon zombie
    34 | D:1      | Escaped the Abyss
    61 | D:1      | Reached * piety under Lugonu
    97 | D:1      | Reached skill level 1 in Dodging
   471 | D:1      | Gained mutation: You sometimes gain a little power by taking damage. [demonic ancestry]
   471 | D:1      | Reached XP level 2. HP: 18/24 MP: 3/3
  1306 | D:1      | Reached XP level 3. HP: 25/29 MP: 4/4
  1605 | D:2      | Noticed Terence
  1615 | D:2      | Slain by Terence

Skill      XL: |  1  2 |
---------------+-------+-----
Dodging        | 1 |  1.1
Axes           | 2 |  2.5
Armour         | 2 |  2.0
Fighting       | |  3.3
Invocations    | |  2.6

Action                   || total
-------------------------++-------
Melee: Hand axe          ||    85
Invok: Depart the Abyss  ||     1
  Use: Scroll            ||     2
  Eat: Bread ration      ||     1
Armor: Leather armour    ||    24
Dodge: Dodged            ||    33
Block: Large shield      ||    17
